 Dungeon Crawl Stone Soup version 0.28.0-49-g6dfe1f597d (webtiles) character file.

Game seed: 17877685885588947646

16 Exodus22XD the Sneak (level 2, 0/15 HPs)
             Began as a Kobold Enchanter on May 15, 2022.
             Slain by a jackal (2 damage)
             ... on level 1 of the Dungeon.
             The game lasted 00:00:27 (807 turns).

Exodus22XD the Sneak (Kobold Enchanter)              Turns: 807, Time: 00:00:27

Health: 0/15       AC:  2    Str:  5    XL:     2   Next: 75%
Magic:  5/5        EV: 15    Int: 16    God:
Gold:   60         SH:  0    Dex: 15    Spells: 5/5 levels left

rFire   . . .      SeeInvis .   a - +1 dagger
rCold   . . .      Faith    .   (no shield)
rNeg    . . .      Spirit   .   b - +0 robe
rPois   .          Reflect  .   (no helmet)
rElec   .          Harm     .   (no cloak)
rCorr   .          Rampage  .   (no gloves)
Will    .....                   (no boots)
Stlth   ++++......              (no amulet)
HPRegen 0.05/turn               (no ring)
MPRegen 0.09/turn               (no ring)

@: no status effects
A: small, no large weapons, nightstalker 3
a: no special abilities


You were on level 1 of the Dungeon.
You visited 1 branch of the dungeon, and saw 1 of its levels.

You collected 60 gold pieces.

Inventory:

Hand Weapons
 a - a +1 dagger (weapon)
Armour
 b - a +0 robe (worn)
Scrolls
 d - a scroll of amnesia {unknown}
Potions
 c - a potion of invisibility
 e - a potion of magic {unknown}
 f - a potion of curing {unknown}


   Skills:
 - Level 1.3 Short Blades
 - Level 2.4 Dodging
 + Level 5.3 Stealth
 - Level 2.1 Spellcasting
 - Level 3.0 Hexes


You had 5 spell levels left.
You didn't know any spells.
Your spell library contained the following spells:

 Spells                   Type           Power      Damage    Failure   Level
 Ensorcelled Hibernation  Hex/Ice        12%        N/A       17%         2
 Confusing Touch          Hex            11%        N/A       19%         3
 Tukima's Dance           Hex            11%        N/A       19%         3
 Dazzling Flash           Conj/Hex       12%        N/A       32%         3


Dungeon Overview and Level Annotations

Branches:
Dungeon (1/15)

Altars:


Innate Abilities, Weirdness & Mutations

You are small and have problems with some larger weapons.
You are completely attuned to the shadows.


Message History

A ball python comes into view.
The ball python hisses angrily.
You hit the ball python.
The ball python is heavily wounded.
The ball python bites you but does no damage.
The ball python grabs you. The ball python constricts you.
A ball python is nearby!
You hit the ball python.
You kill the ball python!
No target in view!
You now have 60 gold pieces (gained 10).
A goblin comes into view. It is wielding a +0 dagger.
A jackal and a hobgoblin come into view.
There are monsters nearby! 2 jackals come into view.
There are monsters nearby!
The helpless goblin fails to defend itself.
You impale the goblin!!
You kill the goblin!
The jackal closely misses you. The jackal bites you.
The jackal barks!
You hit the jackal but do no damage.
The jackal barks!
You hear a shout!
The jackal bites you. x2
You hear a shout!
The jackal barks!
The jackal misses you.
The jackal bites you but does no damage.
A goblin comes into view. It is wielding a +0 club.
The jackal bites you. The goblin misses you. The jackal bites you.
* * * LOW HITPOINT WARNING * * *
The jackal misses you. The jackal closely misses you.
The jackal barely misses you. The jackal bites you.
* * * LOW HITPOINT WARNING * * *
The jackal closely misses you. The jackal bites you.
You die...

.............g...
##....
..................
#.....
...................
#.....
....................
#.....
.....................
#.....
...............#
#.....
.........hg...#
#...†. #.......hh...#
#..... #######h@...#
#..... #.....# #.....
#.....# #.....
####### ..... ####


You could see 4 jackals and a goblin.

Vanquished Creatures
  2 ball pythons (D:1)
  2 endoplasms (D:1)
  2 hobgoblins (D:1)
  A quokka (D:1)
  A frilled lizard (D:1)
  5 goblins (D:1)
  A rat (D:1)
14 creatures vanquished.

Notes
Turn   | Place    | Note
-------+----------+-------------------------------------------
     0 | D:1      | Exodus22XD the Kobold Enchanter began the quest for the
                  | Orb.
     0 | D:1      | Reached XP level 1. HP: 10/10 MP: 3/3
    93 | D:1      | Reached XP level 2. HP: 10/15 MP: 5/5
   259 | D:1      | Reached skill level 5 in Stealth
   807 | D:1      | Slain by a jackal

Illustrated notes

Levels and vault maps discovered:
D:1:      minmay_arrival_five_plusses, layout_basic

Skill      XL: |  1  2 |
---------------+-------+-----
Stealth        | 5 |  5.3
Short Blades   | |  1.3
Dodging        | |  2.4
Spellcasting   | |  2.1
Hexes          | |  3.0

Action                   || total
-------------------------++-------
Melee: Dagger            ||    45
 Stab: Sleeping          ||     4
Armor: Robe              ||     7
Dodge: Dodged            ||    33
